 Dungeon Crawl Stone Soup version 0.19-a0-1792-g28b16ba (webtiles) character file.

180 JeffiDaFish the Sneak (level 5, -5/37 HPs)
             Began as a Vampire Enchanter on Oct 4, 2016.
             Slain by a kobold
             ... wielding a +2 whip of electrocution
              (18 damage)
             ... on level 3 of the Dungeon.
             The game lasted 00:12:32 (4813 turns).

JeffiDaFish the Sneak (Vampire Enchanter)           Turns: 4813, Time: 00:12:33

Health: -5/37      AC:  3    Str:  8    XL:     5   Next: 33%
Magic:  8/8        EV: 13    Int: 18    God:
Gold:   128        SH:  0    Dex: 14    Spells: 3 memorised, 3 levels left

rFire  . . .     SeeInvis +     a - +1 dagger
rCold  + . .     Gourm    .     b - +1 robe
rNeg   + + .     Faith    .     (no shield)
rPois  +         Spirit   .     (no helmet)
rElec  .         Dismiss  .     (no cloak)
rCorr  .         Reflect  .     (no gloves)
MR     .....     Harm     .     (no boots)
Stlth  +++.......               (no amulet)
                                (no ring)
                                (no ring)

@: regenerating slowly, drained
A: fangs 3, see invisible, unbreathing
a: Bat Form


You were on level 3 of the Dungeon.
You were thirsty.

You visited 1 branch of the dungeon, and saw 3 of its levels.

You collected 128 gold pieces.

Inventory:

Hand Weapons
 a - a +1 dagger (weapon)
Armour
 b - a +1 robe (worn)
Jewellery
 e - an uncursed amulet of harm
 j - an uncursed ring of resist corrosion
Scrolls
 i - 4 scrolls of identify
 k - a scroll of amnesia {unknown}
 l - a scroll of teleportation
Potions
 d - 17 potions of blood
 f - a potion of haste
 g - a potion of flight
Books
 c - a book of Maledictions

   Spells                             Type                      Level
   a - Corona                         Hexes                        1
   b - Ensorcelled Hibernation        Hexes/Ice                    2
   c - Confuse                        Hexes                        3
   d - Tukima's Dance                 Hexes                        3
   e - Dazzling Spray                 Conjuration/Hexes            3


   Skills:
 + Level 1.4(1.0) Fighting
 + Level 2.6(2.3) Short Blades
 + Level 3.3(2.9) Dodging
 + Level 5.8(5.4) Stealth
 + Level 2.5(2.2) Spellcasting
 + Level 4.9(4.5) Hexes
 + Level 0.6(0.2) Ice Magic


You had 3 spell levels left.
You knew the following spells:

 Your Spells              Type           Power        Failure   Level  Hunger
a - Corona                Hex            ###....      2%          1    #......
b - Ensorcelled Hibernat  Hex/Ice        ##....       12%         2    ###....
c - Confuse               Hex            ###.....     10%         3    ###....


Dungeon Overview and Level Annotations

Branches:
Dungeon (3/15)

Altars:
Elyvilon
Qazlal


Innate Abilities, Weirdness & Mutations

You heal slowly.
You have razor-sharp teeth.
You have supernaturally acute eyesight. (SInv)
You can survive without breathing.


Message History

A kobold is nearby!
No target in view!
No target in view!
No target in view!
No target in view!
Found a club.
No target in view!
The kobold throws a stone.
The stone barely misses you.
The kobold throws a stone.
The stone misses you.
The kobold hits you with a whip of electrocution.
You closely miss the kobold. The kobold hits you but does no damage.
You are electrocuted!
Ouch! That really hurt!
You hit the kobold but do no damage. The kobold barely misses you.
You barely miss the kobold.
The kobold hits you with a whip of electrocution.
You hit the kobold but do no damage.
The kobold hits you with a whip of electrocution.
You are electrocuted!
You die...

.........)###.....##
##.###.##...######.##
#.. ...##.#......#..#
##(.#####..######.....
#... ##...## ####.#
.###...##...#..# #..
)..#..#...####.# ##.
###....#.### #.# .
..........@.# #)# #
#.#.#.#.#.#K# #.## #
............####).#
####
...⌠..$..⌠.....<.#.#
##.##
......._......)##....#
##..##
....⌠.....⌠...#####..#
#....# #.............#
#####.##.#
..#.#.#.#.#.#.#
##...##..
#.............#
#..######


You could see a kobold.

Vanquished Creatures
  Ijyb (D:3)
  6 adders
  3 oozes
  4 dart slugs (D:1)
  A leopard gecko (D:2)
  4 orcs (D:3)
  3 giant cockroaches
  9 hobgoblins
  14 jackals
  2 quokkas
  6 bats
  4 frilled lizards
  3 goblins
  8 kobolds
  8 rats
76 creatures vanquished.

Notes
Turn   | Place    | Note
-------+----------+-------------------------------------------
     0 | D:1      | JeffiDaFish the Vampire Enchanter began the quest for the Orb.
     0 | D:1      | Reached XP level 1. HP: 13/13 MP: 3/3
   646 | D:1      | Reached XP level 2. HP: 15/19 MP: 5/5
   728 | D:1      | Reached skill level 5 in Stealth
  1554 | D:1      | Reached XP level 3. HP: 24/24 MP: 6/6
  2787 | D:2      | Learned a level 2 spell: Ensorcelled Hibernation
  2791 | D:2      | Learned a level 3 spell: Confuse
  3018 | D:2      | Reached XP level 4. HP: 21/31 MP: 7/7
  3277 | D:2      | Reached skill level 1 in Fighting
  3665 | D:3      | Noticed Ijyb
  3765 | D:3      | Killed Ijyb
  3765 | D:3      | Reached XP level 5. HP: 10/37 MP: 8/8
  4283 | D:3      | Found a white marble altar of Elyvilon.
  4748 | D:3      | Found a stormy altar of Qazlal.
  4813 | D:3      | Slain by a kobold

Vault maps used:
D:1:      dpeg_arrival_boxorama
D:2:      first_bread, minivault_24
D:3:      regret_index_temple_of_mockery, grunt_qazlal_sundering,
          elyvilon_altar_5, lemuel_crystal_altar, gup_sewer_entry_spiral,
          uniq_iyjb

Skill      XL: |  1  2  3  4 |
---------------+-------------+-----
Stealth        | 5 |  5.8
Short Blades   | 2 |  2.6
Dodging        | 3 |  3.3
Fighting       | 1 |  1.4
Spellcasting   | |  2.5
Hexes          | |  4.9
Ice Magic      | |  0.6

Action                   |  1- 3 |  4- 6 || total
-------------------------+-------+-------++-------
Melee: Dagger            |   214 |   169 ||   383
       Bite              |    15 |    20 ||    35
 Cast: Ensorcelled Hiber |       |    14 ||    14
       Confuse           |       |     1 ||     1
  Use: Potion            |     6 |     7 ||    13
       Scroll            |     2 |     2 ||     4
 Stab: Sleeping          |     4 |     8 ||    12
       Distracted        |     1 |       ||     1
Armor: Robe              |    42 |    28 ||    70
Dodge: Dodged            |   135 |    99 ||   234
